 Dungeon Crawl Stone Soup version 0.30.1-4-g462c640d31 (webtiles) character file.

Game seed: 4924412992380430996

14900 anacleto the Brawler (level 11, -4/107 HPs)
             Began as a Troll Gladiator on Aug 20, 2023.
             Was a High Priest of Qazlal.
             Slain by Urug
             ... wielding a +1 halberd of flaming
              (14 damage)
             ... on level 10 of the Dungeon.
             The game lasted 00:29:12 (8956 turns).

anacleto the Brawler (Troll Gladiator)              Turns: 8956, Time: 00:29:13

Health: -4/107     AC: 12    Str: 31    XL:     11   Next: 94%
Magic:  10/10      EV: 10    Int:  2    God:    Qazlal [*****.]
Gold:   675        SH:  6    Dex: 11    Spells: 10/10 levels left

rFire   . .          .
                       - Unarmed
rCold   . . .        (no shield)
rNeg    + . .        m - +0 troll leather armour
rPois   +            b - +0 hat
rElec   .            C - +2 ratskin cloak {*Rats rPois rN+ Str-1 Int-1 Dex+1}
rCorr   .            (gloves unavailable)
SInv    .            (boots unavailable)
Will    .....        o - amulet of regeneration
Stlth   +            D - +4 ring of slaying
HPRegen 2.77/turn    (no ring)
MPRegen 0.12/turn

%: repel missiles
@: about to teleport, marked, protected from physical damage
A: large, unfitting armour, claws 3, regeneration 1, shaggy fur 1, tough skin 1,
strong 1, no potion heal 1, devolution 2
a: Renounce Religion, Upheaval, Elemental Force, Disaster Area


You were on level 10 of the Dungeon.
You worshipped Qazlal.
Qazlal was extremely pleased with you.
You visited 2 branches of the dungeon, and saw 12 of its levels.
You also visited: Bailey.

You collected 675 gold pieces.

Inventory:

Hand Weapons
 L - a +0 club
 O - a +0 hand axe
Missiles
 d - a large rock
 f - 6 datura-tipped darts
 v - 7 boomerangs (quivered)
 w - 4 curare-tipped darts
 y - 32 poisoned darts
 B - 3 javelins
 P - a silver boomerang
Armour
 a - a +0 robe
 b - a +0 hat (worn)
 m - a +0 troll leather armour (worn)
 C - the +2 ratskin cloak (worn) {*Rats rPois rN+ Str-1 Int-1 Dex+1}
   (You found it on level 5 of the Dungeon)

   *Rats:     When the wearer is hurt, rats may emerge from it to assist them.
   Str:       It affects your strength (-1).
   Int:       It affects your intelligence (-1).
   Dex:       It affects your dexterity (+1).
   rPois:     It protects you from poison.
   rN:        It protects you from negative energy.
Jewellery
 c - a +4 ring of protection
 o - an amulet of regeneration (around neck)
 D - a +4 ring of slaying (left claw)
 H - a ring of fire
 M - a ring of resist corrosion
Wands
 u - a wand of paralysis (18)
 K - a wand of acid (13)
Scrolls
 h - 2 scrolls of magic mapping
 k - 4 scrolls of noise
 l - 3 scrolls of enchant weapon
 n - a scroll of fog
 r - a scroll of vulnerability
 z - 2 scrolls of silence
 A - 2 scrolls of amnesia
 I - a scroll of poison {unknown}
 N - a scroll of fear {unknown}
Potions
 e - a potion of flight
 g - a potion of magic {unknown}
 i - a potion of haste
 j - 2 potions of lignification {unknown}
 p - 9 potions of curing
 x - 2 potions of brilliance
 E - 2 potions of might {unknown}
 F - a potion of cancellation {unknown}
 G - 12 potions of degeneration
 J - 2 potions of heal wounds


   Skills:
 - Level 6.7 Fighting
 - Level 7.4 Throwing
 - Level 2.4 Dodging
 * Level 18.2 Unarmed Combat


You had 10 spell levels left.
You didn't know any spells.
Your spell library contained the following spells:

 Spells                   Type           Power      Damage    Failure   Level
 Beastly Appendage        Tmut           0%         N/A       58%         1
 Shock                    Conj/Air       0%         1d3       58%         1
 Sting                    Tmut/Pois      0%         1d3       58%         1
 Poisonous Vapours        Pois/Air       0%         N/A       73%         2
 Sublimation of Blood     Necr           0%         N/A       73%         2
 Wereblood                Tmut           0%         N/A       73%         2
 Hailstorm                Conj/Ice       0%         3d3       91%         3
 Inner Flame              Hex/Fire       0%         N/A       91%         3
 Spider Form              Tmut/Pois      0%         N/A       91%         3
 Summon Guardian Golem    Hex/Summ       0%         N/A       91%         3
 Swiftness                Air            0%         N/A       91%         3
 Tukima's Dance           Hex            0%         N/A       91%         3
 Airstrike                Air            0%         2d(0-16)  100%        4
 Animate Dead             Necr           0%         N/A       100%        4
 Olgreb's Toxic Radiance  Pois           0%         N/A       100%        4
 Passage of Golubria      Tloc           0%         N/A       100%        4
 Borgnjor's Vile Clutch   Necr/Erth      0%         N/A       100%        5
 Freezing Cloud           Conj/Ice/Air   0%         6-21      100%        5
 Yara's Violent Unravell  Hex/Tmut       0%         3d3       100%        5
 Death Channel            Necr           0%         N/A       100%        6
 Enfeeble                 Hex            0%         N/A       100%        7
 Orb of Destruction       Conj           0%         9d5       100%        7
 Spellforged Servitor     Conj/Summ      0%         N/A       100%        7
 Summon Hydra             Summ           0%         N/A       100%        7


Dungeon Overview and Level Annotations

Branches:
Dungeon (11/15)            Temple (1/1) D:4            Lair (0/5) D:8
    Orc (0/2) D:11         Bailey (visited)

Altars:
Cheibriados
Dithmenos
Elyvilon
Fedhas
Gozag
Hepliaklqana
Kikubaaqudgha
Makhleb
Okawaru
Qazlal
Sif Muna
Trog
Uskayaw
Vehumet
Wu Jian
Xom
Yredelemnul
Zin

Shops:
D:1 [   D:5 (   D:9 [

Annotations:
D:10 Fannar, Urug


Innate Abilities, Weirdness & Mutations

You are too large for most types of armour.
You have claws for hands.
Your natural rate of healing is unusually fast.
You are covered in fur. (AC +1)
You have tough skin. (AC +1)
Your muscles are strong. (Str +4, Int/Dex -1)
Potions are less effective at restoring your health.
You have terrible hidden genetic defects.


Message History

You barely miss something. You block the yak's attack.
A yak comes into view.
Something hits you.
You feel more protected from fire. Something burns you.
You miss something. You barely miss something.
The yak is engulfed in a thunderstorm.
You block the yak's attack.
A yak comes into view.
Something hits you!! Something burns you.
You closely miss something. Your claw misses something. The yak misses you.
A yak comes into view.
Something hits you!!
You feel more protected from fire. Something burns you.
* * * LOW HITPOINT WARNING * * *
You closely miss something. Something hits you!
* * * LOW HITPOINT WARNING * * *
A river rat scurries out from under your cloak.
Your resistance to fire fades away.
You feel protected from physical attacks.
Something burns you.
* * * LOW HITPOINT WARNING * * *
The yak closely misses you.
Unknown command.
Your system partially rejects the healing.
You feel much better.
A yak comes into view.
Something hits you!
* * * LOW HITPOINT WARNING * * *
Something burns you.
* * * LOW HITPOINT WARNING * * *
The yak barely misses you.
Your river rat barely misses the yak.
As you read the scroll of teleportation, it crumbles to dust.
You feel strangely unstable. The yak gores you!
* * * LOW HITPOINT WARNING * * *
You feel more protected from physical attacks.
Something hits you!
You die...

~~~~♣######...#
#~~♣.....##...##
.#~...>.........
.........##...#
.........##...#
..Y...?.......#######
YY..........YY##r..>#
Y.....[.......{Y§○.†#
{##).........Y.Y@§○.#
.##......##..<☼YY.°.#
.##'#######....☼°°..#
.#.. #...###<..# .#..
##### #...# .#..
...... .# #..(...# .+
#......# .#


You could see 7 yaks and a friendly river rat.

Vanquished Creatures
  Josephine (D:10)
  Harold (D:11)
  An orc knight (Bailey)
  Pikel (D:6)
  Psyche (D:8)
  A kobold demonologist (D:11)
  7 trolls
  Sigmund (D:6)
  A shadow (D:9)
  A wyvern (D:7)
  5 wraiths
  33 yaks
  Eustachio (D:4)
  4 vampire mosquitoes (D:11)
  2 steam dragons (D:8)
  Duvessa (D:7)
  A sky beast (D:7)
  A swamp drake (D:11)
  6 orc warriors
  2 black bears
  2 centaurs
  4 kobold brigands
  A phantom (D:6)
  A bullfrog (D:8)
  2 gnoll sergeants
  4 scorpions
  Dowan (D:7)
  5 killer bees (D:11)
  3 howler monkeys
  A jelly (D:7)
  9 orc priests
  3 hounds
  2 gnoll boudas
  2 iguanas
  17 orc wizards
  Natasha (thrice) (D:4)
  Robin (D:4)
  19 gnolls
  6 adders
  A white imp (D:7)
  3 worms
  3 dart slugs
  64 orcs
  4 ball pythons
  2 endoplasms
  A giant cockroach (D:2)
  18 goblins
  14 hobgoblins
  5 jackals
  3 quokkas
  7 bats
  A frilled lizard (D:3)
  18 kobolds
  5 rats
307 creatures vanquished.

Vanquished Creatures (collateral kills)
  A shadow (D:10)
  2 gnolls (D:7)
  An orc (D:6)
  A goblin (D:8)
5 creatures vanquished.

Vanquished Creatures (others)
  An orc wizard (D:5)
1 creature vanquished.

Grand Total: 313 creatures vanquished

Notes
Turn   | Place    | Note
-------+----------+-------------------------------------------
     0 | D:1      | anacleto the Troll Gladiator began the quest for the Orb.
     0 | D:1      | Reached XP level 1. HP: 19/19 MP: 0/0
    81 | D:1      | Reached XP level 2. HP: 28/28 MP: 1/1
   190 | D:1      | Found Adoox's Armour Shoppe.
   855 | D:2      | Reached XP level 3. HP: 35/35 MP: 2/2
   988 | D:2      | Found a faded altar of an unknown god.
  1049 | D:2      | Found an ornate altar of the Wu Jian Council.
  1282 | D:3      | Reached skill level 4 in Unarmed Combat
  1405 | D:3      | Reached XP level 4. HP: 42/42 MP: 3/3
  1758 | D:4      | Noticed Eustachio
  1804 | D:4      | Noticed Robin
  1928 | D:4      | Noticed Natasha
  2041 | D:3      | Reached XP level 5. HP: 46/50 MP: 4/4
  2242 | D:4      | Killed Eustachio
  2243 | D:4      | Reached skill level 5 in Unarmed Combat
  2243 | D:4      | Reached XP level 6. HP: 61/61 MP: 5/5
  2335 | D:4      | Found a staircase to the Ecumenical Temple.
  2355 | Temple   | Entered the Ecumenical Temple
  2413 | Temple   | Became a worshipper of Qazlal Stormbringer
  2532 | D:4      | Killed Robin
  2694 | D:4      | Killed Natasha
  2695 | D:4      | Reached skill level 6 in Unarmed Combat
  2939 | D:4      | Noticed Natasha
  2946 | D:4      | Killed Natasha
  2947 | D:4      | Reached XP level 7. HP: 67/67 MP: 6/6
  3124 | D:5      | Entered Level 5 of the Dungeon
  3124 | D:5      | Found the +2 ratskin cloak {*Rats rPois rN+ Str-1 Int-1
                  | Dex+1}
  3191 | D:4      | Noticed Natasha
  3198 | D:4      | Killed Natasha
  3963 | D:5      | Found Ocapicw's Weapon Shoppe.
  3978 | D:5      | Found a glowing silver altar of Zin.
  4020 | D:6      | Noticed Sigmund
  4028 | D:6      | Killed Sigmund
  4028 | D:6      | Reached * piety under Qazlal
  4029 | D:6      | Reached skill level 7 in Unarmed Combat
  4165 | D:6      | Reached XP level 8. HP: 70/78 MP: 7/7
  4418 | D:6      | Found a snail-covered altar of Cheibriados.
  4423 | D:6      | Noticed Pikel
  4431 | D:6      | Killed Pikel
  4432 | D:6      | Reached skill level 5 in Throwing
  4432 | D:6      | Reached skill level 8 in Unarmed Combat
  4729 | D:6      | Reached skill level 5 in Fighting
  4956 | D:6      | Identified the +0 scale mail of Cileam {rPois Str+2}
  5186 | D:7      | Reached XP level 9. HP: 75/88 MP: 8/8
  5213 | D:7      | Reached skill level 9 in Unarmed Combat
  5316 | D:7      | Noticed Duvessa
  5329 | D:7      | Killed Duvessa
  5330 | D:7      | Noticed Dowan
  5341 | D:7      | Killed Dowan
  5526 | D:7      | Reached ** piety under Qazlal
  5912 | D:8      | Reached skill level 10 in Unarmed Combat
  5967 | D:8      | Found a flagged portal.
  5975 | Bailey   | Entered a bailey
  6014 | Bailey   | Noticed an orc knight
  6176 | Bailey   | Got the Guide on Rime and Degeneration
  6177 | Bailey   | Identified the +3 crystal plate armour "Nurphicij" {Int+2
                  | Dex+3}
  6179 | Bailey   | Identified the +0 tower shield "Ickasmih" {rC+ rCorr Dex+4}
  6261 | Bailey   | Killed an orc knight
  6370 | D:8      | Reached *** piety under Qazlal
  6420 | D:8      | Noticed Psyche
  6424 | D:8      | Killed Psyche
  6425 | D:8      | Reached XP level 10. HP: 87/98 MP: 4/9
  6540 | D:8      | Found a staircase to the Lair.
  6630 | D:8      | Reached skill level 11 in Unarmed Combat
  6952 | D:9      | Identified a scroll of acquirement
  6955 | D:9      | Acquired a manual of Unarmed Combat
  7006 | D:9      | Found Zoceadit's Armour Shop.
  7023 | D:9      | Reached skill level 12 in Unarmed Combat
  7155 | D:9      | Reached skill level 13 in Unarmed Combat
  7752 | D:10     | Entered Level 10 of the Dungeon
  7755 | D:10     | Noticed Josephine
  7768 | D:10     | Killed Josephine
  7769 | D:10     | Reached skill level 14 in Unarmed Combat
  7770 | D:10     | HP: 4/100 [wraith[Josephine] (6)]
  7778 | D:10     | Noticed Fannar
  7913 | D:11     | Reached XP level 11. HP: 79/107 MP: 10/10
  7918 | D:11     | Reached skill level 15 in Unarmed Combat
  8095 | D:11     | Reached **** piety under Qazlal
  8128 | D:11     | Reached skill level 16 in Unarmed Combat
  8218 | D:11     | Found a staircase to the Orcish Mines.
  8379 | D:11     | Reached skill level 17 in Unarmed Combat
  8764 | D:11     | Gained mutation: You are partially covered in iridescent
                  | scales. (AC +2) [potion of mutation]
  8764 | D:11     | Gained mutation: You are frail. (-10% HP) [potion of
                  | mutation]
  8764 | D:11     | Gained mutation: Your flesh is cold resistant. (rC+)
                  | [potion of mutation]
  8764 | D:11     | Gained mutation: You have a somewhat thin skeletal
                  | structure. (Dex +2, Stealth+) [potion of mutation]
  8765 | D:11     | Lost mutation: You are partially covered in iridescent
                  | scales. (AC +2) [potion of mutation]
  8765 | D:11     | Lost mutation: Your flesh is cold resistant. (rC+) [potion
                  | of mutation]
  8765 | D:11     | Gained mutation: Potions are less effective at restoring
                  | your health. [potion of mutation]
  8765 | D:11     | Gained mutation: You are partially covered in iridescent
                  | scales. (AC +2) [potion of mutation]
  8766 | D:11     | Lost mutation: You are partially covered in iridescent
                  | scales. (AC +2) [potion of mutation]
  8766 | D:11     | Lost mutation: You are frail. (-10% HP) [potion of
                  | mutation]
  8766 | D:11     | Lost mutation: You have a somewhat thin skeletal structure.
                  | (Dex +2, Stealth+) [potion of mutation]
  8766 | D:11     | Gained mutation: Your muscles are strong. (Str +4, Int/Dex
                  | -1) [potion of mutation]
  8766 | D:11     | Gained mutation: You have hidden genetic defects. [potion
                  | of mutation]
  8871 | D:10     | Noticed Harold
  8891 | D:11     | Reached ***** piety under Qazlal
  8911 | D:11     | Killed Harold
  8912 | D:11     | Reached skill level 18 in Unarmed Combat
  8922 | D:11     | Gained mutation: You have terrible hidden genetic defects.
                  | [hidden defects]
  8941 | D:10     | Noticed Urug
  8956 | D:10     | Slain by Urug

Illustrated notes

Levels and vault maps discovered:
D:1:      minmay_arrival_jagged, layout_loops_ring, serial_shops, shop,
          grunt_decor_mini_mirrors
D:2:      layout_loops_ring, basic_altar, dilly_ecumenical_altar_fadedgnrine,
          st_stairs_13, hangedman_decor_push
D:3:      layout_rooms
D:4:      layout_basic, minmay_temple_entry_overgrown, uniq_natasha,
          uniq_eustachio, uniq_robin
D:5:      layout_rooms, zin_statuary, serial_shops, nicolae_shop_behind_doors,
          serial_corexii_hall, corexii_hall_statues_i, corexii_hall_statues_l
D:6:      layout_loops_ring, mainiacjoe_overflow_paths,
          minmay_misc_feat_encased, nicolae_hexahallways, grunt_ministairs_4,
          serial_bayou_pond_e, uniq_pikel, uniq_sigmund
D:7:      layout_basic, uniq_duvessa
D:8:      layout_rooms, dpeg_oklobed_lair, enter_bailey_4, uniq_psyche
D:9:      layout_cave_pools, serial_shops, shop
D:10:     layout_gridville, serial_bayou_ford_a, uniq_fannar, uniq_urug,
          uniq_harold, uniq_josephine
D:11:     layout_irregular_city, erik_orc_1
Temple:   nicolae_temple_bog_church

Skill      XL: |  1  2  3  4  5  6  7  8  9 10 11 |
---------------+----------------------------------+-----
Throwing       | 2 3 4 5 6 7 |  7.4
Fighting       | 2 3 4 5 6 |  6.7
Unarmed Combat | 4 5 6 7 8 10 14 18 | 18.2
Dodging        | |  2.4

Action                     |  1- 3 |  4- 6 |  7- 9 | 10-12 || total
---------------------------+-------+-------+-------+-------++-------
  Melee: Unarmed           |    97 |   119 |   290 |   236 ||   742
         Punch             |       |     3 |    11 |    19 ||    33
  Throw: Throwing net      |       |     2 |     4 |       ||     6
         Dart              |       |     5 |     2 |       ||     7
         Javelin           |       |       |     7 |       ||     7
         Large rock        |       |       |     1 |       ||     1
         Boomerang         |       |       |       |     4 ||     4
  Evoke: Wand              |       |     3 |       |       ||     3
    Use: Scroll            |       |     2 |     3 |    16 ||    21
         Potion            |       |       |     2 |     5 ||     7
   Stab: Held in net/web   |       |     2 |     1 |       ||     3
         Paralysed         |       |     4 |       |       ||     4
         Distracted        |       |       |       |     1 ||     1
 Armour: Robe              |    34 |    48 |   112 |    28 ||   222
         Troll leather arm |       |       |       |    40 ||    40
  Dodge: Dodged            |    74 |    88 |   159 |   128 ||   449
  Block: Other             |       |       |    19 |    56 ||    75
